AoeStats
← lothal

Black Forest

510437601Analyzed
4v4 RM · 3d ago on Oct 1, 2026· 60m 47s· 8 players
Game mode
Random Map
Map size
Large (8 player)
Population
200
Speed
Normal
Resources
Standard
Victory
Conquest
Starting age
Dark Age
Ending age
Imperial Age
RankedLock teamsTeams togetherTeam positionsShared explorationLock speedFull tech treeHidden civsTurbo modeCheats
Victory
Defeat
🇦🇷 Varangians · Argentina
867
+12
🇦🇷 Vikings · Argentina
821
+14
🇷🇺 Khmer · Russia
781
+15
🇺🇾 Persians · Uruguay
778
+16
🇦🇷 Vietnamese · Argentina
843
-17
🇺🇾 Turks · Uruguay
802
-15
🇦🇷 Persians · Argentina
768
-14
🇨🇱 Romans · Chile
680
-11
Alejo11382
7:11 Loom
10:39 Feudal Age
10:59 Double-Bit Axe
11:46 Horse Collar
12:02 Gold Mining
14:21 Wheelbarrow
13:31 Town Watch
17:21 Castle Age
20:05 Husbandry
20:13 Scale Barding Armor
20:19 Forging
20:34 Bow Saw
23:07 Gold Shaft Mining
22:23 Stone Mining
24:41 Fervor
25:31 Bloodlines
25:31 Heavy Plow
26:46 Stone Shaft Mining
28:02 Hand Cart
31:02 Town Patrol
35:18 Imperial Age
33:02 Caravan
34:33 Kamandaran
36:08 Crop Rotation
35:44 Scale Mail Armor
36:06 Chain Barding Armor
36:23 Iron Casting
37:34 Chemistry
36:42 Cavalier
37:46 Ballistics
36:53 Crossbowman
39:08 Elite War Elephant
40:29 Thumb Ring
42:41 Plate Barding Armor
41:57 Fletching
42:08 Padded Archer Armor
47:01 Onager
lothal
0:33 Loom
jmanuelgiriboni
1:48 Loom
11:40 Feudal Age
14:46 Double-Bit Axe
19:48 Castle Age
20:38 Stone Mining
21:30 Bow Saw
21:58 Bloodlines
23:38 Town Watch
25:32 Horse Collar
27:50 Wheelbarrow
27:16 Fishing Lines
27:54 Gold Mining
28:30 Husbandry
30:14 Fervor
30:44 Heavy Plow
34:47 Imperial Age
33:54 Hand Cart
36:03 Ballistics
37:15 Hoardings
36:57 Gillnets
38:27 Forging
38:09 Fletching
38:41 Artillery
38:06 Elite Janissary
40:56 Caravan
41:07 Murder Holes
41:37 Scale Barding Armor
42:17 Town Patrol
44:22 Bodkin Arrow
44:48 Chain Barding Armor
47:50 Redemption
49:19 Iron Casting
48:46 Bracer
48:50 Padded Archer Armor
49:29 Plate Barding Armor
51:17 Blast Furnace
alee__juliann
18:25 Feudal Age
19:24 Double-Bit Axe
20:57 Horse Collar
21:37 Fishing Lines
26:55 Castle Age
25:54 Stone Mining
25:55 Gold Mining
26:26 Fletching
27:25 Padded Archer Armor
27:12 Loom
27:58 Crossbowman
28:50 Bodkin Arrow
29:11 Bow Saw
29:40 Gillnets
31:35 Wheelbarrow
30:46 Town Watch
32:36 Leather Archer Armor
33:37 Bow Saw
33:29 Heavy Plow
35:33 Thumb Ring
41:23 Imperial Age
40:20 Ballistics
39:43 Treadmill Crane
40:16 Masonry
39:51 Treadmill Crane
40:07 Murder Holes
42:53 Hoardings
42:42 Paper Money
43:01 Hoardings
42:31 Bracer
43:01 Ring Archer Armor
44:51 Chemistry
46:39 Guilds
47:28 Elite Rattan Archer
49:02 Bloodlines
48:52 Husbandry
51:21 Crop Rotation
51:53 Two-Man Saw
55:44 Hand Cart
55:29 Town Patrol
55:43 Forging
55:33 Scale Mail Armor
55:38 Scale Barding Armor
58:37 Caravan
58:45 Caravan
shprot
11:49 Feudal Age
10:06 Loom
15:53 Castle Age
13:58 Horse Collar
14:08 Double-Bit Axe
18:58 Heavy Plow
19:55 Bow Saw
30:12 Caravan
31:14 Scale Barding Armor
32:01 Ballistics
31:52 Masonry
31:36 Stone Mining
34:19 Husbandry
34:30 Bloodlines
35:03 Tusk Swords
36:41 Wheelbarrow
39:22 Imperial Age
39:18 Chain Barding Armor
38:59 Scale Mail Armor
39:09 Forging
39:44 Stone Shaft Mining
38:59 Gold Mining
38:33 Pikeman
38:59 Arson
38:35 Man-at-Arms
39:27 Halberdier
40:47 Plate Barding Armor
40:12 Padded Archer Armor
40:03 Fletching
41:15 Chemistry
40:21 Siege Engineers
40:47 Architecture
40:49 Crop Rotation
41:01 Gold Shaft Mining
39:58 Cavalier
41:17 Conscription
40:59 Double Crossbow
41:06 Double Crossbow
44:40 Elite Ballista Elephant
49:16 Coinage
57:34 Heavy Scorpion
60:26 Hoardings
59:22 Sappers
JoaKo_uy
12:06 Loom
15:30 Feudal Age
16:43 Double-Bit Axe
16:43 Horse Collar
26:54 Castle Age
25:34 Wheelbarrow
26:30 Gold Mining
28:19 Heavy Plow
28:37 Bow Saw
31:06 Gold Shaft Mining
30:25 Town Watch
33:51 Heavy Plow
41:06 Imperial Age
42:40 Town Patrol
43:23 Crop Rotation
47:34 Citadels
47:49 Conscription
48:43 Chemistry
47:45 Murder Holes
49:26 Pikeman
50:46 Hoardings
50:35 Halberdier
53:44 Onager
56:30 Caravan
56:59 Scale Barding Armor
57:05 Forging
56:50 Fletching
57:05 Husbandry
59:17 Cavalier
60:13 Bloodlines
60:28 Hand Cart
SHEGO
0:27 Loom
12:00 Feudal Age
12:32 Double-Bit Axe
14:41 Horse Collar
20:07 Town Watch
23:25 Castle Age
22:34 Forging
22:25 Scale Mail Armor
24:21 Town Watch
24:48 Bow Saw
24:41 Heavy Plow
24:47 Squires
24:33 Arson
25:29 Fletching
26:47 Gold Mining
26:49 Stone Mining
33:09 Caravan
34:24 Gold Shaft Mining
34:28 Iron Casting
34:09 Chain Mail Armor
34:58 Town Patrol
36:52 Iron Casting
36:33 Chain Mail Armor
36:49 Pikeman
40:44 Imperial Age
38:13 Bodkin Arrow
38:53 Chieftains
38:49 Fishing Lines
40:19 Masonry
40:29 Ballistics
40:05 Murder Holes
39:51 Treadmill Crane
40:21 Fortified Wall
43:10 Blast Furnace
42:41 Plate Mail Armor
43:29 Conscription
43:45 Hoardings
43:40 Bracer
44:42 Chemistry
43:49 Bracer
44:07 Devotion
46:44 Two-Man Saw
46:16 Crop Rotation
47:09 Architecture
48:38 Elite Berserk
50:03 Siege Engineers
54:53 Elite Varangian Guard
QueMatracaAriel
0:40 Loom
12:34 Feudal Age
14:39 Double-Bit Axe
23:15 Castle Age
22:33 Bloodlines
22:31 Scale Barding Armor
22:44 Forging
22:54 Horse Collar
22:58 Fishing Lines
23:12 Gold Mining
23:12 Stone Mining
24:05 Stone Mining
24:59 Bow Saw
25:05 Gillnets
27:19 Wheelbarrow
29:06 Chain Barding Armor
29:24 Iron Casting
29:14 Town Watch
29:56 Heavy Plow
31:19 Husbandry
37:47 Imperial Age
35:12 Vendel Legacy
37:53 Onager
37:55 Cavalier
38:58 Conscription
39:32 Hand Cart
39:18 Town Patrol
40:20 Blast Furnace
39:55 Plate Barding Armor
40:38 Caravan
42:14 Guilds
41:31 Elite Jarl
42:52 Pikeman
43:34 Squires
45:16 Devotion
46:37 Siege Engineers
47:33 Chemistry
46:56 Ballistics
47:18 Plate Barding Armor
49:53 Coinage
49:03 Light Cavalry
50:29 Hussar
Connection lost

Rejoining the realm…

Still unreachable

The connection could not be restored.

Session expired

The server has moved on; the page needs a fresh start.